 Dungeon Crawl Stone Soup version 0.30-a0-808-g6e0788376e (webtiles) character file.

Game seed: 12541367022035326653

12030 FexLirch the Destroyer (level 11, -7/50 (79) HPs)
             Began as a Demonspawn Reaver on Feb 25, 2023.
             Was an Initiate of Gozag.
             Mangled by Snorg (12 damage)
             ... on level 11 of the Dungeon on Feb 26, 2023.
             The game lasted 01:01:47 (9567 turns).

FexLirch the Destroyer (Demonspawn Reaver)          Turns: 9567, Time: 01:01:47

HP:   -7/50 (79)    AC:  8    Str: 12    XL:     11   Next: 57%
MP:   7/20          EV: 13    Int: 21    God:    Gozag
Gold: 1975          SH:  0    Dex: 12    Spells: 7/22 levels left

rFire   x x .      SeeInvis .    X - +3 long sword
rCold   + + +      Faith    .    b - orb {light}
rNeg    . . .      Spirit   .    m - +1 troll leather armour of Murph {rC+ Regen+ Int+2}
rPois   .          Reflect  .    (no helmet)
rElec   .          Harm     .    (no cloak)
rCorr   .          Rampage  .    (no gloves)
Will    .....                    (no boots)
Stlth   +                        k - amulet of magic regeneration
HPRegen 1.08/turn                E - ring of ice
MPRegen 0.57/turn                H - ring of ice

@: immotile, glowing, studying Ice Magic, very heavily drained
A: thin metallic scales 2, powered by death 1, spiny 2
a: Renounce Religion, Potion Petition, Call Merchant, Bribe Branch


You were on level 11 of the Dungeon.
You worshipped Gozag.
Gozag was most pleased with you.
You visited 2 branches of the dungeon, and saw 12 of its levels.
You also visited: Ice Cave.

You collected 2072 gold pieces.
You paid 97 gold pieces to Gozag.

Inventory:

Hand Weapons
 N - a +1 broad axe of pain
 X - a +3 long sword (weapon)
 Y - a +2 great sword
Missiles
 y - 9 curare-tipped darts (quivered)
 G - 3 throwing nets
 K - 12 boomerangs
 T - 18 poisoned darts
Armour
 b - an orb of light (worn)
 m - the +1 troll leather armour of Murph (worn) {rC+ Regen+ Int+2}
   (You found it on level 3 of the Dungeon)

   Int:       It affects your intelligence (+2).
   rC:        It protects you from cold.
   Regen:     It increases your rate of health regeneration.
 D - a +1 leather armour of poison resistance
 L - a +2 leather armour of fire resistance
Jewellery
 a - a +4 ring of slaying
 c - an amulet of regeneration
 e - a +6 ring of dexterity
 f - a ring of positive energy
 k - an amulet of magic regeneration (around neck)
 w - a +5 ring of evasion
 E - a ring of ice (left hand)
 F - a ring of positive energy
 H - a ring of ice (right hand)
 I - a ring of willpower
 J - a ring of fire
 M - an amulet of guardian spirit
 O - a ring of protection from fire
Wands
 g - a wand of polymorph (4)
 s - a wand of paralysis (11)
 R - a wand of flame (15)
 S - a wand of quicksilver (6)
 Z - a wand of mindburst (5)
Scrolls
 h - 2 scrolls of enchant armour
 i - 2 scrolls of fear {unknown}
 r - 3 scrolls of teleportation
 t - 3 scrolls of blinking
 u - a scroll of immolation {unknown}
 v - 2 scrolls of magic mapping {unknown}
 z - 2 scrolls of vulnerability
 A - 2 scrolls of amnesia {unknown}
 P - a scroll of butterflies {unknown}
 U - a scroll of acquirement {unknown}
 V - 2 scrolls of noise {unknown}
Potions
 d - 4 potions of heal wounds
 j - 3 potions of attraction
 l - 2 potions of resistance
 n - 2 potions of invisibility {unknown}
 o - 9 potions of brilliance
 p - 6 potions of curing
 q - 3 potions of berserk rage
 x - 3 potions of flight {unknown}
 B - 2 potions of might {unknown}
 C - a potion of magic {unknown}
 Q - 4 potions of haste {unknown}
 W - a potion of mutation {unknown}


   Skills:
 + Level 5.1 Fighting
 - Level 2.6 Long Blades
 + Level 4.5 Dodging
 + Level 6.3 Spellcasting
 + Level 9.1 Conjurations
 - Level 3.2 Necromancy
 - Level 6.0 Translocations
 * Level 6.1 Transmutations
 + Level 0.9 Fire Magic
 + Level 5.7 Ice Magic
 * Level 5.9 Air Magic


You had 7 spell levels left.
You knew the following spells:

 Your Spells              Type           Power      Damage    Failure   Level
a - Kiss of Death         Conj/Necr      100%       2d13      1%          1
b - Momentum Strike       Conj/Tloc      76%        3d10      1%          2
c - Hailstorm             Conj/Ice       71%        3d15      1%          3
d - Blink                 Tloc           62%        N/A       1%          2
e - Manifold Assault      Tloc           31%        N/A       10%         4
f - Apportation           Tloc           62%        N/A       1%          1
g - Necrotise             Necr           80%        1d8       3%          1
h - Foxfire               Conj/Fire      100%       2x1d9     1%          1

Your spell library contained the following spells:

 Spells                   Type           Power      Damage    Failure   Level
 Portal Projectile        Hex/Tloc       38%        N/A       11%         3
 Slow                     Hex            24%        N/A       12%         1
 Summon Small Mammal      Summ           24%        N/A       12%         1
 Call Canine Familiar     Summ           6%         N/A       34%         3
 Fireball                 Conj/Fire      13%        3d7       38%         5
 Leda's Liquefaction      Hex/Erth       3%         N/A       75%         4
 Starburst                Conj/Fire      13%        6d6       93%         6
 Storm Form               Tmut/Air       16%        N/A       100%        7


Dungeon Overview and Level Annotations

Branches:
Dungeon (11/15)            Temple (1/1) D:6             Orc (0/2) D:11
  IceCv (visited)
   Lair: D:8-11

Altars:
Dithmenos
Gozag
Nemelex Xobeh
Okawaru
Ru
Xom
Yredelemnul

Annotations:
D:11 Snorg


Innate Abilities, Weirdness & Mutations

You are mostly covered in thin metallic scales. (AC +3)
You regenerate a little health from kills.
You are mostly covered in sharp spines.


Message History

Confirm with . or Enter, or press ? or * to list all spells.
Aiming: Kiss of Death (safe; 1% risk of failure)
Press: ? - help, Shift-Dir - straight line, f - Snorg
Aim: Snorg (moderately wounded, berserk, haloed, 100% to hit)
The negative energy hits Snorg!
Snorg is drained!
Snorg is heavily wounded.
You feel drained.
You feel stable enough to blink again. Snorg is struck by your spines.
Snorg misses you. Snorg claws you! Snorg closely misses you.
Unknown command.
Unknown command.
Unknown command.
Casting: Kiss of Death (safe; 1% risk of failure)
Confirm with . or Enter, or press ? or * to list all spells.
You blink.
Casting: Blink (safe; 1% risk of failure)
Confirm with . or Enter, or press ? or * to list all spells.
You are still too unstable to blink.
Casting: Blink (safe; 1% risk of failure)
Confirm with . or Enter, or press ? or * to list all spells.
Aiming: Momentum Strike (safe; 1% risk of failure)
Press: ? - help, Dir - move target, f/p - Snorg
Aim: Snorg (heavily wounded, berserk, lightly drained, haloed, 83% to hit)
The concentrated momentum misses Snorg.
Snorg bites you. Snorg misses you. Snorg claws you!
Casting: Momentum Strike (safe; 1% risk of failure)
Confirm with . or Enter, or press ? or * to list all spells.
Aiming: Momentum Strike (safe; 1% risk of failure)
Press: ? - help, Dir - move target, f/p - Snorg
Aim: Snorg (heavily wounded, berserk, lightly drained, haloed, 83% to hit)
The concentrated momentum hits Snorg!
Snorg is heavily wounded.
You are unable to move.
You feel stable enough to blink again. Snorg bites you!!
* * * LOW HITPOINT WARNING * * *
Snorg claws you but does no damage. Snorg misses you. Snorg bites you!
You die...
Your body crumbles into a pile of gold.

.#.#######
##.#.##.####.#
.#.# #
#.##..#......##.#
##.. ...
#.#...##.....##.#
####.... #.
..##........#
........ ##.
#.#.....#### ..##
.. >.##
##......## #.#
...
#.###.#.#.#..#
#.#
#..#.##.#.##.##
#.#
#@T.>.#.#.##.>#
#.####
#.###.#.#.#####
.....# .(.#
#.....# #.##.#
###.# #.#.### #.#
# #.. .<#.# #.#
... ###.# #.# ...
#.. .... ...


You could see Snorg (berserk, drained).

Vanquished Creatures
  A white draconian (IceCv)
  A boulder beetle (D:11)
  Pikel (D:6)
  A cyclops (D:11)
  2 centaur zombies (D:10)
  Joseph (D:7)
  2 ice statues (IceCv)
  Maggie (D:7)
  4 rime drakes (IceCv)
  Psyche (D:9)
  An unseen horror (D:10)
  Grinder (D:3)
  Prince Ribbit (D:7)
  2 shadows
  3 wyverns
  5 yaks (D:11)
  Grum (D:9)
  A steam dragon (D:10)
  An acid dragon (D:9)
  Duvessa (D:6)
  4 orc warriors
  2 sky beasts (D:7)
  An ice beast (D:7)
  A black bear (D:6)
  5 ogres
  2 wolves (D:9)
  A centaur (D:8)
  3 kobold brigands
  A bullfrog (D:8)
  2 gnoll sergeants
  4 necrophages
  2 scorpions (D:5)
  9 wights
  Dowan (D:6)
  A lindwurm simulacrum (IceCv)
  A howler monkey (D:7)
  2 hounds (D:6)
  8 komodo dragon simulacra (IceCv)
  9 orc priests
  Jessica (D:2)
  4 iguanas
  13 orc wizards
  Ijyb (D:4)
  Natasha (thrice) (D:2)
  A howler monkey zombie (D:10)
  5 adders
  6 gnolls
  6 acid dragon simulacra (IceCv)
  14 white imps
  3 ufetubi
  6 steam dragon simulacra (IceCv)
  4 dart slugs
  32 orcs
  9 endoplasms
  4 giant cockroaches
  7 goblins
  5 hobgoblins
  3 jackals (D:1)
  3 quokkas (D:1)
  11 ball pythons
  10 bats
  A frilled lizard (D:3)
  15 kobolds
  3 rats
261 creatures vanquished.

Vanquished Creatures (others)
  8 foxfires (IceCv)
  A fungus (D:1)
9 creatures vanquished.

Grand Total: 270 creatures vanquished

Notes
Turn   | Place    | Note
-------+----------+-------------------------------------------
     0 | D:1      | FexLirch the Demonspawn Reaver began the quest for the Orb.
     0 | D:1      | Reached XP level 1. HP: 16/16 MP: 3/3
    85 | D:1      | Found a faded altar of an unknown god.
    94 | D:1      | Got Plato's Catalogue of Obstruction
   244 | D:1      | Gained mutation: You are partially covered in thin metallic
                  | scales. (AC +2) [demonic ancestry]
   244 | D:1      | Reached XP level 2. HP: 16/22 MP: 5/5
   433 | D:1      | Reached skill level 1 in Necromancy
   715 | D:1      | Gained mutation: You are partially covered in sharp spines.
                  | [demonic ancestry]
   715 | D:1      | Reached XP level 3. HP: 26/27 MP: 6/6
  1259 | D:2      | Reached skill level 1 in Translocations
  1377 | D:2      | Noticed Jessica
  1381 | D:2      | Killed Jessica
  1382 | D:2      | Reached XP level 4. HP: 17/33 MP: 7/7
  1535 | D:2      | Noticed Natasha
  1539 | D:2      | Killed Natasha
  1540 | D:2      | Reached skill level 4 in Conjurations
  1569 | D:2      | Noticed Natasha
  1581 | D:2      | Killed Natasha
  1582 | D:2      | Noticed Natasha
  1591 | D:2      | Killed Natasha
  1592 | D:2      | Reached XP level 5. HP: 3/27 MP: 5/9
  2157 | D:3      | Noticed Grinder
  2335 | D:3      | Identified the +1 troll leather armour of Murph {rC+ Regen+
                  | Int+2}
  2350 | D:3      | Learned a level 2 spell: Momentum Strike
  2354 | D:3      | Learned a level 3 spell: Hailstorm
  2399 | D:3      | Paralysed by Grinder for 4 turns
  2410 | D:3      | Paralysed by Grinder for 5 turns
  2421 | D:3      | Killed Grinder
  2422 | D:3      | Reached skill level 5 in Conjurations
  2422 | D:3      | Reached skill level 1 in Ice Magic
  2422 | D:3      | Gained mutation: You regenerate a little health from kills.
                  | [demonic ancestry]
  2422 | D:3      | Reached XP level 6. HP: 29/44 MP: 10/10
  2937 | D:4      | Noticed Ijyb
  2941 | D:4      | Killed Ijyb
  3097 | D:4      | Learned a level 2 spell: Blink
  3298 | D:4      | Reached XP level 7. HP: 44/48 MP: 8/12
  3691 | D:5      | Entered Level 5 of the Dungeon
  3696 | D:5      | Reached skill level 1 in Transmutations
  3739 | D:5      | Reached skill level 1 in Air Magic
  3806 | D:5      | Reached skill level 6 in Conjurations
  3841 | D:5      | Reached XP level 8. HP: 56/56 MP: 8/13
  4384 | D:6      | Noticed Duvessa
  4384 | D:6      | Noticed Dowan
  4432 | D:6      | Killed Duvessa
  4482 | D:6      | Killed Dowan
  4711 | D:6      | Reached skill level 7 in Conjurations
  4889 | D:6      | Noticed Pikel
  4895 | D:6      | Killed Pikel
  4896 | D:6      | Gained mutation: You are mostly covered in thin metallic
                  | scales. (AC +3) [demonic ancestry]
  4896 | D:6      | Reached XP level 9. HP: 48/61 MP: 10/16
  5282 | D:6      | Found a staircase to the Ecumenical Temple.
  5288 | Temple   | Entered the Ecumenical Temple
  5342 | Temple   | Became a worshipper of Gozag Ym Sagoz the Greedy
  5666 | D:7      | Noticed Joseph
  5673 | D:7      | Killed Joseph
  5694 | D:7      | Noticed Maggie
  5703 | D:7      | Killed Maggie
  5835 | D:7      | Reached skill level 5 in Spellcasting
  5857 | D:7      | Reached skill level 8 in Conjurations
  6008 | D:7      | Noticed Prince Ribbit
  6022 | D:7      | Killed Prince Ribbit
  6652 | D:8      | Reached XP level 10. HP: 63/70 MP: 15/17
  6671 | D:8      | Found an iron altar of Okawaru.
  6743 | D:8      | Learned a level 4 spell: Manifold Assault
  7080 | D:9      | Reached skill level 5 in Translocations
  7129 | D:9      | Found a runed translucent door.
  7152 | D:9      | Noticed Psyche
  7158 | D:9      | Killed Psyche
  7378 | D:9      | Noticed Grum
  7381 | D:9      | Killed Grum
  7797 | D:10     | Entered Level 10 of the Dungeon
  8015 | D:10     | Reached skill level 5 in Transmutations
  8015 | D:10     | Reached skill level 5 in Ice Magic
  8123 | D:10     | Learned a level 1 spell: Apportation
  8125 | D:10     | Learned a level 1 spell: Necrotise
  8198 | D:10     | Noticed a two-headed ogre
  8562 | D:10     | Reached skill level 5 in Air Magic
  8574 | D:11     | Noticed a cyclops
  8576 | D:11     | Killed a cyclops
  8577 | D:11     | Gained mutation: You are mostly covered in sharp spines.
                  | [demonic ancestry]
  8577 | D:11     | Reached XP level 11. HP: 71/76 MP: 13/20
  8641 | D:11     | Noticed a boulder beetle
  8650 | D:11     | Killed a boulder beetle
  8705 | D:11     | Found a frozen archway.
  8751 | IceCv    | Entered an ice cave
  8807 | IceCv    | Reached skill level 9 in Conjurations
  9136 | IceCv    | Learned a level 1 spell: Foxfire
  9264 | IceCv    | Noticed a white draconian
  9276 | IceCv    | Reached skill level 5 in Fighting
  9282 | IceCv    | Killed a white draconian
  9543 | D:11     | Found a staircase to the Orcish Mines.
  9559 | D:11     | Noticed Snorg
  9567 | D:11     | Mangled by Snorg

Illustrated notes

Levels and vault maps discovered:
D:1:      dpeg_arrival_erosion, layout_loops_ring, serial_forest,
          infiniplex_forest_end_3, infiniplex_forest_clump_C,
          infiniplex_forest_side_room, infiniplex_forest_lined_corner,
          infiniplex_forest_clump_small, infiniplex_forest_lined_room_2,
          shapermc_ecumenical_altar_rom_forum
D:2:      layout_loops_ring, st_stairs_1, uniq_natasha, uniq_jessica
D:3:      layout_basic, minmay_pentomino_pile, uniq_grinder
D:4:      nicolae_cairo_tiling_large_dashed, layout_layer_cave, uniq_ijyb
D:5:      layout_rooms
D:6:      layout_layer_cave, minmay_temple_entry_enclosed_plants, uniq_duvessa,
          uniq_pikel
D:7:      layout_loops_ring, david_defended_altar_orc, uniq_joseph,
          uniq_prince_ribbit1, uniq_maggie
D:8:      layout_rooms, okawaru_ov_weapons_minmay
D:9:      layout_roguey, lightli_church_of_beogh, uniq_psyche, uniq_grum
D:10:     layout_stronghold, mainiacjoe_overflow_concentric_impassable,
          serial_undead, serial_undead_a, serial_undead_d, serial_undead_a,
          serial_undead_b
D:11:     layout_loops_ring, david_lair_shrubbed, orc_0_dummy,
          portal_ice_cave_entry_imps, uniq_snorg
Temple:   nicolae_temple_slightly_damp_pantheon

Skill      XL: |  1  2  3  4  5  6  7  8  9 10 11 |
---------------+----------------------------------+-----
Necromancy     | 1 2 3 |  3.2
Translocations | 1 2 3 4 5 6 |  6.0
Conjurations   | 4 5 6 7 8 9 |  9.1
Spellcasting   | 3 4 5 6 |  6.3
Ice Magic      | 1 2 3 4 5 |  5.7
Transmutations | 1 3 4 5 6 |  6.1
Air Magic      | 1 2 3 5 |  5.9
Dodging        | 2 4 |  4.5
Fighting       | 3 4 5 |  5.1
Long Blades    | |  2.6
Fire Magic     | |  0.9

Action                     |  1- 3 |  4- 6 |  7- 9 | 10-12 || total
---------------------------+-------+-------+-------+-------++-------
  Melee: Falchion          |    49 |       |       |       ||    49
         Punch             |     1 |     1 |       |     3 ||     5
         Dagger            |    52 |    84 |    50 |       ||   186
         Unarmed           |       |       |     7 |       ||     7
         Short sword       |       |       |    55 |    86 ||   141
         Long sword        |       |       |       |    98 ||    98
  Throw: Dart              |       |       |     1 |       ||     1
   Cast: Kiss of Death     |       |     5 |     8 |    10 ||    23
         Momentum Strike   |       |    10 |    39 |    50 ||    99
         Hailstorm         |       |     4 |    44 |    73 ||   121
         Blink             |       |     1 |     3 |     4 ||     8
         Necrotise         |       |       |       |     4 ||     4
         Manifold Assault  |       |       |       |     1 ||     1
         Foxfire           |       |       |       |     4 ||     4
  Evoke: Wand              |       |       |     3 |       ||     3
    Use: Potion            |       |     1 |     1 |     1 ||     3
         Scroll            |       |       |     2 |     8 ||    10
   Stab: Sleeping          |     1 |       |       |       ||     1
         Paralysed         |       |       |     4 |       ||     4
         Distracted        |       |       |       |     1 ||     1
 Armour: Leather armour    |    30 |     9 |       |       ||    39
         Troll leather arm |       |    20 |    30 |   111 ||   161
  Dodge: Dodged            |    46 |    28 |    51 |   153 ||   278

Table legend: (Time is in decaauts)
 A = Elapsed time spent in this place.
 B = Non-inter-level travel time spent in this place.
 C = Inter-level travel time spent in this place.
 D = Time resting spent in this place.
 E = Time spent auto-exploring this place.
 F = Levels seen in this place.
 G = Mean time per level.
                   A        B        C        D        E       F      G
               +--------+--------+--------+--------+--------+-----+--------+
         Total |   9570 |   8822 |    748 |    475 |   4555 |  13 |  736.2 |
       Dungeon |   8787 |   8048 |    739 |    300 |   4550 |  11 |  798.8 |
        Temple |     64 |     55 |      9 |      0 |      5 |   1 |   64.0 |
      Ice Cave |    718 |    718 |      0 |    175 |      0 |   1 |  718.0 |
               +--------+--------+--------+--------+--------+-----+--------+

Top non-repeatable levels by time:
     D:6: 1359 daAuts
     D:1: 1195 daAuts
     D:2: 970 daAuts
     D:9: 937 daAuts
     D:7: 930 daAuts
     D:3: 763 daAuts
     D:4: 761 daAuts
   IceCv: 718 daAuts
    D:10: 651 daAuts
     D:5: 523 daAuts
     D:8: 394 daAuts
    D:11: 298 daAuts
  Temple: 64 daAuts
